 Dungeon Crawl Stone Soup version 0.31.0-32-g396128a36d (webtiles) character file.

Game seed: 4609808118669091038

93 Demosthentine the Poker (level 4, 0/34 HPs)
             Began as a Demonspawn Gladiator on Feb 3, 2024.
             Incinerated by a bombardier beetle (4 damage)
             ... with a burning spray
             ... on level 3 of the Dungeon on Mar 22, 2024.
             The game lasted 00:02:39 (1511 turns).

Demosthentine the Poker (Demonspawn Gladiator)      Turns: 1511, Time: 00:02:39

Health: 0/34       AC:  4    Str: 16    XL:     4   Next: 36%
Magic:  13/13      EV: 13    Int:  8    God:
Gold:   56         SH:  0    Dex: 17    Spells: 3/3 levels left

rFire   . . .        a - +0 trident
rCold   . . .        (no shield)
rNeg    . . .        b - +0 leather armour
rPois   .            c - +0 helmet
rElec   .            (no cloak)
rCorr   .            (no gloves)
SInv    .            (no boots)
Will    .....        l - amulet of reflection
Stlth   +            j - ring of magical power
HPRegen 0.25/turn    (no ring)
MPRegen 0.13/turn

%: reflection
@: confused, on fire, ambrosia-drunk, glowing
A: thin skeletal structure 1, powered by pain 1, weakness stinger 1
a: no special abilities


You were on level 3 of the Dungeon.
You visited 1 branch of the dungeon, and saw 3 of its levels.

You collected 56 gold pieces.

Inventory:

Hand Weapons
 a - a +0 trident (weapon)
Missiles
 d - 3 throwing nets (quivered)
 e - a javelin
Armour
 b - a +0 leather armour (worn)
 c - a +0 helmet (worn)
Jewellery
 j - a ring of magical power (left hand)
 l - an amulet of reflection (around neck)
 m - a ring of ice
Scrolls
 g - 2 scrolls of teleportation
Potions
 i - a potion of lignification {unknown}
 k - a potion of heal wounds {unknown}


   Skills:
 + Level 2.8 Fighting
 + Level 3.3 Polearms
 - Level 1.7 Throwing
 + Level 1.6 Armour
 + Level 3.3 Dodging


You had 3 spell levels left.
You didn't know any spells.
Your spell library was empty.

Dungeon Overview and Level Annotations

Branches:
Dungeon (3/15)

Altars:


Innate Abilities, Weirdness & Mutations

You have a somewhat thin skeletal structure. (Dex +2, Stealth+)
You sometimes gain a little power by taking damage.
You have a small tail.


Message History

The liquid fire burns you!
You hit the bombardier beetle but do no damage.
Your tail-slap misses the bombardier beetle.
The bombardier beetle is lightly wounded.
The liquid fire burns you!
* * * LOW HITPOINT WARNING * * *
The bombardier beetle bites you.
* * * LOW HITPOINT WARNING * * *
You feel better. The liquid fire burns you!
* * * LOW HITPOINT WARNING * * *
The bombardier beetle closely misses you.
You hit the bombardier beetle.
The bombardier beetle is moderately wounded.
The liquid fire burns you!
* * * LOW HITPOINT WARNING * * *
You puncture the bombardier beetle!
The bombardier beetle is severely wounded.
The liquid fire burns you!
* * * LOW HITPOINT WARNING * * *
The bombardier beetle sprays incendiary fluid at you.
The burning spray misses you.
You feel better. The liquid fire burns you!
* * * LOW HITPOINT WARNING * * *
The bombardier beetle closely misses you.
You barely miss the bombardier beetle.
The bombardier beetle is severely wounded.
The liquid fire burns you!
* * * LOW HITPOINT WARNING * * *
You feel better. The liquid fire burns you!
* * * LOW HITPOINT WARNING * * *
The bombardier beetle bites you.
* * * LOW HITPOINT WARNING * * *
It was a potion of ambrosia.
You are confused.
You feel invigorated. The liquid fire burns you!
You die...

############# #######
............# #.....#
#####..####.####.....#
.#.............).....##
...##..####.####@.....#
.####..####.# #B....<#
..>##.......# #....#.#
†.....####### #..#.# #
.#.#### #....# .#.###
#..... †....#######
.>...## ...#.#..<..#
####..# .#.#.#.....#
...


You could see a bombardier beetle.

Vanquished Creatures
  3 adders (D:2)
  3 dart slugs
  A ribbon worm (D:2)
  3 giant cockroaches
  7 goblins
  4 hobgoblins
  6 jackals
  2 quokkas (D:2)
  6 ball pythons
  7 bats
  6 frilled lizards
  3 kobolds (D:1)
  8 rats
59 creatures vanquished.

Notes
Turn   | Place    | Note
-------+----------+-------------------------------------------
     0 | D:1      | Demosthentine the Demonspawn Gladiator began the quest for
                  | the Orb.
     0 | D:1      | Reached XP level 1. HP: 16/16 MP: 1/1
    88 | D:1      | Gained mutation: You have a somewhat thin skeletal
                  | structure. (Dex +2, Stealth+) [demonic ancestry]
    88 | D:1      | Reached XP level 2. HP: 20/22 MP: 2/2
   372 | D:1      | Reached skill level 1 in Armour
   467 | D:1      | Gained mutation: You sometimes gain a little power by
                  | taking damage. [demonic ancestry]
   467 | D:1      | Reached XP level 3. HP: 28/28 MP: 3/3
   592 | D:1      | Found a faded altar of an unknown god.
   913 | D:2      | Upgraded the game from 0.31.0-11-ge490571c62 to
                  | 0.31.0-32-g396128a36d
   942 | D:2      | Gained mutation: You have a small tail. [demonic ancestry]
   942 | D:2      | Reached XP level 4. HP: 34/34 MP: 4/4
  1511 | D:3      | Incinerated by a bombardier beetle

Illustrated notes

Levels and vault maps discovered:
D:1:      erik_arrival_cave_to_civilisation [erik_arrival_cave_to_hall],
          layout_rooms, dilly_ecumenical_altar_fadedgnrine
D:2:      layout_basic
D:3:      layout_loops_cross

Skill      XL: |  1  2 |
---------------+-------+-----
Polearms       | 3 |  3.3
Armour         | 1 |  1.6
Dodging        | 3 |  3.3
Fighting       | |  2.8
Throwing       | |  1.7

Action                     |  1- 3 |  4- 6 || total
---------------------------+-------+-------++-------
  Melee: Trident           |   100 |    64 ||   164
         Tailslap          |       |     7 ||     7
         Punch             |       |     1 ||     1
    Use: Scroll            |     3 |       ||     3
         Potion            |       |     5 ||     5
   Stab: Sleeping          |     5 |     5 ||    10
 Armour: Leather armour    |    42 |    21 ||    63
  Dodge: Dodged            |    55 |    33 ||    88
  Block: Other             |     1 |    13 ||    14
